 Dungeon Crawl Stone Soup version 0.31-a0-187-gba352fbbf7 (webtiles) character file.

Game seed: 6018022268144598472

84 qw the Shooter (level 4, -2/25 HPs)
             Began as a Deep Elf Hunter on June 22, 2023.
             Slain by an orc
             ... wielding a +0 flail
              (8 damage)
             ... on level 3 of the Dungeon.
             The game lasted 00:00:38 (1991 turns).

qw the Shooter (Deep Elf Hunter)                    Turns: 1991, Time: 00:00:39

Health: -2/25      AC:  7    Str: 10    XL:     4   Next: 24%
Magic:  6/6        EV: 11    Int: 14    God:
Gold:   84         SH:  0    Dex: 18    Spells: 3/3 levels left

rFire   . . .        Y - +2 shortbow
rCold   + . .        (shield currently unavailable)
rNeg    . . .        e - +1 ring mail {rC+}
rPois   .            g - +0 helmet
rElec   .            (no cloak)
rCorr   .            (no gloves)
SInv    .            (no boots)
Will    +....        c - amulet of faith
Stlth   +            i - ring of willpower
HPRegen 0.24/turn    (no ring)
MPRegen 0.10/turn

%: faith
@: no status effects
A: no striking features
a: no special abilities


You were on level 3 of the Dungeon.
You visited 1 branch of the dungeon, and saw 3 of its levels.

You collected 84 gold pieces.


   Skills:
 - Level 1.5 Fighting
 + Level 7.7 Ranged Weapons
 - Level 2.4 Dodging
 - Level 1.2 Stealth


You had 3 spell levels left.
You didn't know any spells.
Your spell library was empty.

Inventory:

Hand Weapons
 Y - a +2 shortbow (weapon)
Armour
 e - a +1 ring mail of cold resistance (worn)
 g - a +0 helmet (worn)
Jewellery
 c - an amulet of faith (around neck)
 h - an amulet of regeneration
 i - a ring of willpower (left hand)
Scrolls
 f - a scroll of identify
Potions
 a - a potion of enlightenment
 b - 2 potions of mutation {unknown}
 d - a potion of might
 j - a potion of haste {unknown}
 k - a potion of magic {unknown}

Dungeon Overview and Level Annotations

Branches:
Dungeon (3/15)

Altars:


Message History

1972 ||| FLEEEEING.
1973 ||| STILL FLEEEEING.
1974 ||| STILL FLEEEEING.
1975 ||| FLEEEEING.
1976 ||| FLEEEEING.
1977 ||| FLEEEEING.
1978 ||| FLEEEEING.
You shoot an arrow. The arrow barely misses the goblin.
You shoot an arrow. The arrow hits the goblin.
The goblin is moderately wounded.
You shoot an arrow. The arrow hits the goblin.
The goblin is severely wounded.
The goblin hits you with a +0 dagger.
You shoot an arrow. The arrow hits the goblin.
You kill the goblin!
You shoot an arrow. The arrow hits the orc.
The orc is severely wounded.
You shoot an arrow. The arrow hits the orc!
You kill the orc!
You shoot an arrow. The arrow hits the hobgoblin.
The hobgoblin is severely wounded.
You shoot an arrow.
The arrow completely misses the hobgoblin.
The arrow barely misses the orc.
The hobgoblin barely misses you. The orc hits you with a +0 flail.
The hobgoblin misses you.
You shoot an arrow. The arrow barely misses the hobgoblin.
The hobgoblin closely misses you. The orc hits you but does no damage.
You shoot an arrow. The arrow closely misses the hobgoblin.
The hobgoblin hits you. The orc hits you with a +0 flail.
You shoot an arrow. The arrow hits the hobgoblin.
You kill the hobgoblin!
The orc hits you with a +0 flail.
You shoot an arrow.
The arrow hits the orc but does no damage.
The orc hits you but does no damage.
You shoot an arrow.
The arrow hits the orc but does no damage.
The orc barely misses you. The orc hits you with a +0 flail!
You die...

g.. #'# #.# #... ### #.#
#...######### #.# ######.#
#...........####.# #...##.#
###...........#....# ##...##o#
#.............#.#### #.....#o#
#.............#@)..#####..g..#g#
#.............+.o#....##.###.#.#
#...##........##.#%......# #.#.#
#....%###'######.#....#### #.#.#
#....[# #......#.#....# #.g.#
###...########.#.#....# #####
#...'.# #.#.#....# #...#.#
#.#.#....# #...#.#### #<#.#....#


You could see an orc.

Vanquished Creatures
  4 adders
  A dart slug (D:2)
  An orc (D:3)
  2 ball pythons (D:2)
  3 endoplasms (D:1)
  3 giant cockroaches
  7 goblins
  4 hobgoblins
  3 kobolds
  2 quokkas
  6 bats
  3 frilled lizards
  5 rats
44 creatures vanquished.

Notes
Turn   | Place    | Note
-------+----------+-------------------------------------------
     0 | D:1      | qw the Deep Elf Hunter began the quest for the Orb.
     0 | D:1      | Reached XP level 1. HP: 12/12 MP: 3/3
     0 | D:1      | 0 ||| qw: Version: 0.3-a-9-g12657ce
     0 | D:1      | 0 ||| qw: Game counter: 2336
     0 | D:1      | 0 ||| qw: Always use a shield: true
     0 | D:1      | 0 ||| qw: God list: Okawaru
     0 | D:1      | 0 ||| qw: Allow faded altars: false
     0 | D:1      | 0 ||| qw: Do Orc after D:15 true
     0 | D:1      | 0 ||| qw: Do second Lair branch before Depths: true
     0 | D:1      | 0 ||| qw: Lair rune preference: random
     0 | D:1      | 0 ||| qw: Plans: Normal
     0 | D:1      | 0 ||| PLANNING D:1-11
   160 | D:1      | Reached XP level 2. HP: 16/16 MP: 4/4
   181 | D:1      | Reached skill level 6 in Ranged Weapons
  1016 | D:1      | 1016 ||| UPGRADING to +1 ring mail of cold resistance.
  1026 | D:1      | 1026 ||| DROPPING +0 leather armour.
  1027 | D:1      | 1027 ||| UPGRADING to +0 helmet.
  1032 | D:1      | 1032 ||| UPGRADING to amulet of regeneration.
  1037 | D:1      | 1037 ||| UPGRADING to ring of willpower.
  1038 | D:1      | 1038 ||| READING scroll labelled CALION ULA.
  1039 | D:1      | 1039 ||| READING 2 scrolls labelled GIEBUQ QICYHA.
  1040 | D:1      | 1040 ||| DROPPING scroll of butterflies.
  1127 | D:2      | Reached XP level 3. HP: 20/20 MP: 5/5
  1381 | D:2      | Found a faded altar of an unknown god.
  1468 | D:2      | Reached skill level 7 in Ranged Weapons
  1704 | D:2      | Reached XP level 4. HP: 25/25 MP: 6/6
  1766 | D:2      | 1766 ||| UPGRADING to amulet of faith.
  1776 | D:2      | 1776 ||| READING 2 scrolls labelled FACOUNO OQINOAC.
  1777 | D:2      | 1777 ||| READING scroll of enchant weapon.
  1777 | D:2      | 1777 ||| ENCHANTING +1 shortbow.
  1778 | D:2      | 1778 ||| READING 3 scrolls of identify.
  1778 | D:2      | 1778 ||| IDENTIFYING fizzy golden potion
  1779 | D:2      | 1779 ||| READING 2 scrolls of identify.
  1779 | D:2      | 1779 ||| IDENTIFYING red potion
  1953 | D:3      | 1953 ||| FLEEEEING.
  1954 | D:3      | 1954 ||| FLEEEEING.
  1955 | D:3      | 1955 ||| FLEEEEING.
  1956 | D:3      | 1956 ||| FLEEEEING.
  1957 | D:3      | 1957 ||| FLEEEEING.
  1958 | D:3      | 1958 ||| FLEEEEING.
  1959 | D:3      | 1959 ||| FLEEEEING.
  1960 | D:3      | 1960 ||| FLEEEEING.
  1961 | D:3      | 1961 ||| FLEEEEING.
  1962 | D:3      | 1962 ||| FLEEEEING.
  1963 | D:3      | 1963 ||| FLEEEEING.
  1967 | D:3      | 1967 ||| FLEEEEING.
  1972 | D:3      | 1972 ||| FLEEEEING.
  1975 | D:3      | 1975 ||| FLEEEEING.
  1976 | D:3      | 1976 ||| FLEEEEING.
  1977 | D:3      | 1977 ||| FLEEEEING.
  1978 | D:3      | 1978 ||| FLEEEEING.
  1989 | D:3      | HP: 5/25 [orc/+0 flail (3)]
  1991 | D:3      | Slain by an orc

Levels and vault maps discovered:
D:1:      erik_arrival_triangle_small, layout_basic, columned_hall_lemuel,
          minmay_misc_feat_tiny, moated_statue
D:2:      layout_loops_ring, serial_glass, glass_columns_a, glass_columns_a,
          shapermc_ecumenical_altar_flowoftime
D:3:      layout_basic, nicolae_yredelemnul_ghost_church,
          mainiacjoe_overflow_alcove_4, nicolae_overflow_crystal_walls

Skill      XL: |  1  2  3 |
---------------+----------+-----
Ranged Weapons | 6 7 |  7.7
Fighting       | |  1.5
Dodging        | |  2.4
Stealth        | |  1.2

Action                     |  1- 3 |  4- 6 || total
---------------------------+-------+-------++-------
   Fire: Shortbow          |    96 |    31 ||   127
    Use: Scroll            |     2 |     4 ||     6
 Armour: Leather armour    |     5 |       ||     5
         Ring mail         |     6 |     6 ||    12
  Dodge: Dodged            |    24 |     7 ||    31

Table legend:
 A = Non-vault XP
 B = Vault XP
 C = Vault XP percentage of total XP
 D = Non-vault monster count
 E = Vault monster count
 F = Vault count percentage of total count
                 A         B        C        D         E       F
            +---------+---------+-------+---------+---------+-------
      Total |     121 |       0 |   0.0 |      44 |       0 |   0.0
            +---------+---------+-------+---------+---------+-------
        D:1 |      32 |       0 |   0.0 |      19 |       0 |   0.0
        D:2 |      66 |       0 |   0.0 |      18 |       0 |   0.0
        D:3 |      23 |       0 |   0.0 |       7 |       0 |   0.0
            +---------+---------+-------+---------+---------+-------
